 Dungeon Crawl Stone Soup version 0.29-a0-872-g797fff5ad1 (webtiles) character file.

Game seed: 2291494651226865829

346 mcwallace the Trooper (level 6, -7/52 HPs)
             Began as a Demigod Fighter on July 19, 2022.
             Mangled by an ogre
             ... wielding a +0 giant club
              (18 damage)
             ... on level 4 of the Dungeon.
             The game lasted 00:05:55 (4291 turns).

mcwallace the Trooper (Demigod Fighter)             Turns: 4291, Time: 00:05:55

Health: -7/52      AC:  8    Str: 17    XL:     6   Next: 10%
Magic:  12/12      EV: 11    Int: 18    God:
Gold:   155        SH:  5    Dex: 18    Spells: 9/9 levels left

rFire   . . .      SeeInvis .   a - +0 war axe {axe}
rCold   . . .      Faith    .   c - +0 buckler
rNeg    . . .      Spirit   .   t - +4 robe of Honesty {Dex+5}
rPois   .          Reflect  .   A - +0 helmet
rElec   .          Harm     .   (no cloak)
rCorr   .          Rampage  .   (no gloves)
Will    +....                   p - +0 pair of boots
Stlth   ++........              (no amulet)
HPRegen 0.17/turn               u - ring of willpower
MPRegen 0.13/turn               (no ring)

@: no status effects
A: high MP 1, forlorn, divine attributes
a: no special abilities


You were on level 4 of the Dungeon.
You visited 1 branch of the dungeon, and saw 4 of its levels.

You collected 155 gold pieces.


Innate Abilities, Weirdness & Mutations

You have an increased reservoir of magic. (+10% MP)
You shall have no god before yourself.
Your divine heritage dramatically boosts your attributes as you level up.


   Skills:
 + Level 3.7 Fighting
 + Level 3.1 Axes
 + Level 3.6 Armour
 + Level 1.0 Dodging
 + Level 3.6 Shields
 + Level 2.1 Spellcasting


You had 9 spell levels left.
You didn't know any spells.
Your spell library contained the following spells:

 Spells                   Type           Power      Damage    Failure   Level
 Magic Dart               Conj           4%         1d3       24%         1
 Call Imp                 Summ           1%         N/A       34%         2
 Mephitic Cloud           Conj/Pois/Air  1%         N/A       56%         3

Inventory:

Hand Weapons
 a - a +0 war axe (weapon) {axe}
 n - a +0 dagger of draining {short}
   (You took it off a goblin on level 1 of the Dungeon)
 C - a +0 dagger of electrocution {short}
   (You took it off a kobold on level 3 of the Dungeon)
Missiles
 h - 42 stones (quivered) {throwing}
 q - 14 poisoned darts {throwing}
 K - a boomerang {throwing}
Armour
 b - a +0 scale mail
 c - a +0 buckler (worn)
 f - a +0 leather armour
   (You found it on level 1 of the Dungeon)
 g - a +0 robe
   (You found it on level 1 of the Dungeon)
 l - a +0 leather armour
   (You found it on level 1 of the Dungeon)
 m - a +0 robe
   (You found it on level 2 of the Dungeon)
 p - a +0 pair of boots (worn)
   (You found it on level 2 of the Dungeon)
 s - a +0 leather armour
   (You found it on level 2 of the Dungeon)
 t - the +4 robe of Honesty (worn) {Dex+5}
   (You found it on level 2 of the Dungeon)

   Dex:       It affects your dexterity (+5).
 v - a +0 ring mail
   (You took it off an orc on level 3 of the Dungeon)
 w - a +0 leather armour
   (You took it off an orc on level 3 of the Dungeon)
 y - a +0 leather armour
   (You took it off an orc on level 3 of the Dungeon)
 z - a +0 chain mail
   (You took it off an orc on level 3 of the Dungeon)
 A - a +0 helmet (worn)
   (You found it on level 3 of the Dungeon)
 F - a +0 robe
   (You took it off an orc wizard on level 4 of the Dungeon)
 G - a +0 ring mail
   (You took it off an orc on level 4 of the Dungeon)
 L - a +0 scale mail
   (You took it off an orc on level 4 of the Dungeon)
Jewellery
 u - a ring of willpower (left hand)
   (You found it on level 2 of the Dungeon)
 I - a +4 ring of protection
   (You found it on level 4 of the Dungeon)
Scrolls
 e - 4 scrolls of teleportation {@r4}
 r - a scroll of torment {unknown}
 x - a scroll of immolation {!r!r}
 D - a scroll of enchant weapon {unknown}
Potions
 d - 2 potions of haste {@q3}
 i - 2 potions of resistance {unknown}
 j - a potion of ambrosia {unknown}
 k - 3 potions of heal wounds {@q2}
 o - 2 potions of curing {unknown}
 B - a potion of degeneration {unknown}
 E - 2 potions of brilliance {unknown}
 H - a potion of mutation {unknown}
 J - a potion of cancellation {unknown}

Dungeon Overview and Level Annotations

Branches:
Dungeon (4/15) Zot: 19591
 Temple: D:4-7

.......###....##...##≈≈≈≈≈#.#..#
.....## #....##...####'###.#>..
..... .......................
.... ...###....##..#.........
.... ...##....###†..#......##.
..# ##.....##.###........
#####.........##>......#
.........#....##..#.####
##....@###..###.##..##
#....O..######.......#
#.......... #......##
.........### ##..#..# .........#
####### ...(.#.### ##.....
#.##..


You could see an ogre.


Message History

You hit the hound. The hound bites you.
The hound bites you but does no damage. 😕 HP[-3]
You take 3 damage, and now have 42/45 hp.
You hit the hound. You block the hound's attack. The hound closely misses you.
A hound is nearby!
A hound is nearby!
A hound is nearby!
You hit the hound but do no damage. The hound bites you but does no damage.
The hound barely misses you. 😕 HP[+1]
You miss the hound. The hound completely misses you.
The hound barely misses you.
You slash the hound! You block the hound's attack.
The hound bites you but does no damage.
You hit the hound.
You kill the hound!
Your Dodging skill increases to level 1!
You have reached level 6!
Your experience leads to a dramatic increase in your attributes!
Your base attributes are Str 17, Int 14, Dex 13.
Increase (S)trength, (I)ntelligence, or (D)exterity?
You feel clever. x4 😕 HP[+7] MP[+2]
You now have 52 max hp (+7).
You regained 7 hp, and now have 50/52 hp.
Your mp is fully restored (12).
Found an escape hatch in the floor. 😎 HP[+2]
Your hp is fully restored (52).
k - 3 potions of heal wounds {@q2} (gained 1)
A ball python comes into view.
A ball python is nearby!
Found a stone staircase leading down.
You barely miss the ball python.
The ball python bites you but does no damage.
The ball python grabs you. The ball python constricts you.
The ball python bites you but does no damage.
The ball python constricts you.
You hit the ball python.
You kill the ball python!
No target in view!
Key pressed, stopping explore.
No target in view!
A jackal comes into view.
A jackal is nearby!
A jackal is nearby!
A jackal is nearby!
A jackal comes into view.
The jackal barks! x2
The jackal barely misses you. The jackal bites you. 😕 HP[-2]
You take 2 damage, and now have 50/52 hp.
You closely miss the jackal. The jackal bites you.
The jackal barely misses you. The jackal bites you. 😕 HP[-3]
You take 3 damage, and now have 47/52 hp.
You hit the jackal but do no damage. You barely miss the jackal.
You block the jackal's attack. The jackal bites you.
The jackal bites you but does no damage.
The jackal closely misses you.
You slash the jackal!
You kill the jackal!
You hit the jackal.
The jackal bites you but does no damage. x2
You hit the jackal but do no damage. You block the jackal's attack.
The jackal bites you but does no damage.
A jackal is nearby!
You slash the jackal!
You kill the jackal!
Key pressed, stopping explore.
No target in view! 😕 HP[+2]
You regained 2 hp, and now have 49/52 hp.
No target in view!
An ogre comes into view.
It is wielding a +0 giant club. 😎 HP[+3]
Your hp is fully restored (52).
Okay, then.
The ogre shouts!
You hit the ogre.
The ogre hits you with a +0 giant club! 😕 HP[-12]
You take 12 damage, and now have 40/52 hp.
MASSIVE DAMAGE!! (PAUSE)
You hit the ogre. The ogre hits you with a +0 giant club!
* * * LOW HITPOINT WARNING * * *
😨 HP[-16]
You take 16 damage, and now have 24/52 hp.
MASSIVE DAMAGE!! (PAUSE)
You barely miss the ogre. The ogre hits you with a +0 giant club.
* * * LOW HITPOINT WARNING * * *
😨 HP[-5]
You take 5 damage, and now have 19/52 hp.
You hit the ogre but do no damage. The ogre hits you with a +0 giant club!
* * * LOW HITPOINT WARNING * * *
😱 HP[-8]
You take 8 damage, and now have 11/52 hp.
The ogre attacks as you move away!
The ogre hits you with a +0 giant club!!
You die...

Skill      XL: |  1  2  3  4  5 |
---------------+----------------+-----
Axes           | 2 3 |  3.1
Shields        | 3 |  3.6
Armour         | 3 |  3.6
Fighting       | 3 |  3.7
Spellcasting   | 1 2 |  2.1
Dodging        | 1 |  1.0

Action                   |  1- 3 |  4- 6 || total
-------------------------+-------+-------++-------
Melee: War axe           |   116 |   164 ||   280
  Use: Scroll            |     1 |     3 ||     4
       Potion            |     1 |       ||     1
 Stab: Sleeping          |       |     1 ||     1
Armor: Scale mail        |    88 |    33 ||   121
       Robe              |       |    60 ||    60
Dodge: Dodged            |    91 |    67 ||   158
Block: Buckler           |    49 |    46 ||    95

Levels and vault maps discovered:
D:1:      ebering_trefoil_twist, layout_basic,
          amcnicky_mini_rare_corridor_liquid
D:2:      minmay_general_purpose_star, layout_basic
D:3:      layout_loops_cross, nicolae_ecumenical_lake_church
D:4:      layout_cave_pools, serial_rivers, chequers_serial_rivers_micro_d,
          chequers_serial_rivers_room_b, chequers_serial_rivers_large_b,
          chequers_serial_rivers_micro_a, minmay_a_box_with_orc_wizards_in_it,
          uniq_crazy_yiuf_cottage

Notes
Turn   | Place    | Note
-------+----------+-------------------------------------------
     0 | D:1      | mcwallace the Demigod Fighter began the quest for the Orb.
     0 | D:1      | Reached XP level 1. HP: 18/18 MP: 3/3
     0 | D:1      | magus.rc [v1.9.6]
   130 | D:1      | HP: 2/18 [gnoll/+0 flail (5)]
   132 | D:1      | Reached skill level 2 in Axes
   132 | D:1      | Reached XP level 2. HP: 3/25 MP: 3/5
   443 | D:1      | HP: 6/25 [bat (1)]
   451 | D:1      | HP: 5/25 [bat (1)]
   859 | D:1      | Reached skill level 3 in Shields
   864 | D:1      | You fall into a shaft and drop 1 floor!
   885 | D:2      | Noticed an ogre
   945 | D:1      | Reached XP level 3. HP: 20/30 MP: 6/6
   950 | D:1      | Reached skill level 3 in Armour
   961 | D:1      | Reached skill level 3 in Fighting
   961 | D:1      | Reached skill level 1 in Spellcasting
  1887 | D:2      | Killed an ogre
  1888 | D:2      | Reached XP level 4. HP: 26/38 MP: 9/9
  2052 | D:2      | Reached XP level 5. HP: 42/45 MP: 10/10
  2474 | D:2      | Identified the +4 robe of Honesty {Dex+5}
  3661 | D:3      | You pick up a book of Minor Magic and begin reading...
  3661 | D:3      | You add the spells Magic Dart, Call Imp and Mephitic Cloud
                  | to your library.
  3900 | D:4      | Reached skill level 3 in Axes
  3905 | D:4      | Reached skill level 2 in Spellcasting
  4198 | D:4      | Reached skill level 1 in Dodging
  4198 | D:4      | Reached XP level 6. HP: 50/52 MP: 12/12
  4290 | D:4      | HP: 11/52 [ogre/+0 giant club (8)]
  4291 | D:4      | Mangled by an ogre

Vanquished Creatures
  An ogre (D:2)
  A hound (D:4)
  An orc priest (D:3)
  An iguana (D:4)
  An orc wizard (D:4)
  2 gnolls (D:1)
  4 adders
  2 worms (D:3)
  4 dart slugs
  8 orcs
  6 ball pythons
  3 giant cockroaches
  7 goblins
  7 hobgoblins
  2 jackals (D:4)
  7 kobolds
  5 quokkas (D:1)
  11 bats
  2 frilled lizards
  3 rats
78 creatures vanquished.

Table legend:
 A = Non-vault XP
 B = Vault XP
 C = Vault XP percentage of total XP
 D = Non-vault monster count
 E = Vault monster count
 F = Vault count percentage of total count
                 A         B        C        D         E       F
            +---------+---------+-------+---------+---------+-------
      Total |     474 |      21 |   4.2 |      73 |       5 |   6.4
            +---------+---------+-------+---------+---------+-------
        D:1 |      94 |       0 |   0.0 |      32 |       0 |   0.0
        D:2 |     140 |      21 |  13.0 |       8 |       5 |  38.5
        D:3 |     103 |       0 |   0.0 |      20 |       0 |   0.0
        D:4 |     137 |       0 |   0.0 |      13 |       0 |   0.0
            +---------+---------+-------+---------+---------+-------

Illustrated notes

Table legend:
 A = Kills in this place as a percentage of kills in entire the game.
 B = Kills by you in this place as a percentage of kills by you in the entire game.
 C = Kills by friends in this place as a percentage of kills by friends in the entire game.
 D = Other kills in this place as a percentage of other kills in the entire game.
 E = Experience gained in this place as a percentage of experience gained in the entire game.
 F = Experience gained in this place divided by the number of levels of this place that you have seen.
                   A       B       C       D       E      F
               +-------+-------+-------+-------+-------+----------------------
         Total | 100.0 | 100.0 |   N/A |   N/A | 100.0 | 123.8
       Dungeon | 100.0 | 100.0 |   N/A |   N/A | 100.0 | 123.8
               +-------+-------+-------+-------+-------+----------------------

Table legend: (Time is in decaauts)
 A = Elapsed time spent in this place.
 B = Non-inter-level travel time spent in this place.
 C = Inter-level travel time spent in this place.
 D = Time resting spent in this place.
 E = Time spent auto-exploring this place.
 F = Levels seen in this place.
 G = Mean time per level.
                   A        B        C        D        E       F      G
               +--------+--------+--------+--------+--------+-----+--------+
         Total |   4408 |   4206 |    202 |    295 |   3116 |   4 | 1102.0 |
       Dungeon |   4408 |   4206 |    202 |    295 |   3116 |   4 | 1102.0 |
               +--------+--------+--------+--------+--------+-----+--------+

Top non-repeatable levels by time:
     D:1: 1782 daAuts
     D:2: 1232 daAuts
     D:3: 953 daAuts
     D:4: 440 daAuts
